 Dungeon Crawl Stone Soup version 0.24-a0-769-g368c1644f8 (webtiles) character file.

Game seed: 1177259147691059458, levelgen mode: deterministic

55143 Masnef the Cleaver (level 15, -25/92 HPs)
             Began as a Kobold Fighter on Oct 4, 2019.
             Was the Champion of Okawaru.
             Annihilated by an orc warrior
             ... wielding a +0 war axe
             ... led by an orc knight
              (30 damage)
             ... while paralysed by an orc sorcerer
             ... on level 2 of the Orcish Mines.
             The game lasted 01:07:26 (17965 turns).

Masnef the Cleaver (Kobold Fighter)                Turns: 17965, Time: 01:07:27

Health: -25/92     AC: 19    Str: 18    XL:     15   Next: 16%
Magic:  0/20       EV:  3    Int: 11    God:    Okawaru [******]
Gold:   1769       SH:  0    Dex: 19    Spells: 14/14 levels left

rFire    + . .     SeeInvis +   v - +6 war axe "Weriz" {venom, rF+ rC+ Dex+4 SInv}
rCold    + . .     Gourm    .   c - +0 shield
rNeg     . . .     Faith    .   r - +0 swamp dragon scales
rPois    +         Spirit   +   s - +1 helmet
rElec    .         Reflect  +   y - scarf {Spirit}
rCorr    +         Harm     .   T - +2 pair of gloves of Pantheism {rPois rCorr Int-5 Slay+3}
MR       +....     Rnd*Rage +   S - +1 pair of boots {Fly}
Stlth    +++.......             L - +4 amulet of reflection
HPRegen  0.25/turn              N - +5 ring of intelligence
MPRegen  0.17/turn              b - +1 ring of evasion

@: paralysed, heroism, flying
A: small, berserk 1, carnivore
a: Heroism, Finesse, Renounce Religion, Stop Flying


You were on level 2 of the Orcish Mines.
You worshipped Okawaru.
Okawaru was exalted by your worship.
You were completely stuffed.

You visited 3 branches of the dungeon, and saw 18 of its levels.
You also visited: Gauntlet.

You collected 1797 gold pieces.
You spent 28 gold pieces at shops.

Inventory:

Hand Weapons
 n - a +2 demon whip of draining
 v - the +6 war axe "Weriz" (weapon) {venom, rF+ rC+ Dex+4 SInv}
   (You found it on level 4 of the Dungeon)

   It poisons the flesh of those it strikes.
   It affects your dexterity (+4).
   It protects you from fire.
   It protects you from cold.
   It lets you see invisible.
 B - a +1 whip of electrocution
 F - a +4 mace
 P - the cursed +0 trident of Honour {pierce, Str+4, unknown}
   (You found it on level 10 of the Dungeon)

   It inflicts extra damage upon your enemies.
   It affects your strength (+4).
   It has a curse placed upon it.
Missiles
 q - 7 throwing nets (quivered)
Armour
 c - a +0 shield (worn)
 r - +0 swamp dragon scales (worn)
 s - a +1 helmet (worn)
 y - a scarf of spirit shield (worn)
 M - the +5 plate armour "Trusted Companion" {rElec rC+ Slay-5 SInv}
   (You found it on level 12 of the Dungeon)

   It affects your accuracy and damage with ranged weapons and melee attacks
   (-5).
   It protects you from cold.
   It insulates you from electricity.
   It lets you see invisible.
 S - a +1 pair of boots of flying (worn)
 T - the +2 pair of gloves of Pantheism (worn) {rPois rCorr Int-5 Slay+3}
   (You found it in a Gauntlet)

   It affects your intelligence (-5).
   It affects your accuracy and damage with ranged weapons and melee attacks
   (+3).
   It protects you from poison.
   It provides partial protection from all sources of acid and corrosion.
 Y - the +1 scale mail of the Twelve Hells {-Cast rN+++ MP+9 Str-3}
   (You found it on level 11 of the Dungeon)

   It affects your strength (-3).
   It renders you almost immune to negative energy.
   It affects your magic capacity (+9).
   It prevents spellcasting.
Jewellery
 b - a +1 ring of evasion (right hand)
 L - a +4 amulet of reflection (around neck)
 N - a +5 ring of intelligence (left hand)
Wands
 j - a wand of digging (4)
 H - a wand of clouds (9)
 I - a wand of acid (9)
Scrolls
 e - 7 scrolls of teleportation
 k - 9 scrolls of enchant armour
 l - 7 scrolls of identify
 t - 4 scrolls of fog
 u - 3 scrolls of magic mapping
 x - 2 scrolls of blinking
 C - 2 scrolls of enchant weapon
 E - a scroll of silence
 O - a scroll of remove curse
 R - 4 scrolls of immolation
 V - a scroll of acquirement
 W - 2 scrolls of fear
Potions
 a - a potion of resistance {unknown}
 d - 3 potions of might
 g - 2 potions of ambrosia {unknown}
 h - 4 potions of lignification
 i - 6 potions of agility
 m - 5 potions of heal wounds
 o - 3 potions of brilliance
 p - a potion of invisibility
 w - a potion of experience {unknown}
 z - 4 potions of curing
 A - a potion of cancellation
 D - 2 potions of haste
 G - 2 potions of magic {unknown}
 J - 2 potions of berserk rage
 K - 6 potions of mutation
 Z - a potion of flight {unknown}
Miscellaneous
 U - a crystal ball of energy
Comestibles
 f - 29 rations
 Q - 9 chunks of flesh


   Skills:
 * Level 10.3(15.3) Fighting
 * Level 12.6(17.9) Axes
 - Level 5.4(15.4) Maces & Flails
 * Level 7.6(12.6) Armour
 * Level 9.5(14.5) Dodging
 * Level 9.2(14.2) Shields
 * Level 6.7 Invocations
 * Level 7.5 Evocations


You had 14 spell levels left.
You didn't know any spells.
Your spell library contained the following spells:

 Spells                   Type           Power        Failure   Level  Hunger
 Freeze                   Ice            #...         71%         1    ##.....
 Infusion                 Chrm           #...         71%         1    ##.....
 Magic Dart               Conj           #...         71%         1    ##.....
 Searing Ray              Conj           #.....       83%         2    ###....
 Swiftness                Chrm/Air       #.......     83%         2    ###....
 Throw Frost              Conj/Ice       #.....       83%         2    ###....
 Dazzling Spray           Conj/Hex       #.....       97%         3    ####...
 Gell's Gravitas          Tloc           #.........   97%         3    ####...
 Ozocubu's Armour         Chrm/Ice       #.......     97%         3    ####...
 Portal Projectile        Hex/Tloc       #.....       97%         3    ####...
 Force Lance              Conj/Tloc      #.......     100%        4    #####..
 Fulminant Prism          Conj/Hex       #.........   100%        4    #####..
 Iskenderun's Mystic Bla  Conj           #.......     100%        4    #####..
 Summon Ice Beast         Ice/Summ       #.......     100%        4    #####..
 Throw Icicle             Conj/Ice       #.......     100%        4    #####..
 Fireball                 Conj/Fire      #.........   100%        5    ######.
 Iskenderun's Battlesphe  Conj/Chrm      #.......     100%        5    ######.
 Dispersal                Tloc           #.........   100%        6    #######
 Ring of Flames           Chrm/Fire      #.........   100%        7    #######
 Controlled Blink         Tloc           N/A          100%        8    #######
 Disjunction              Tloc           #.........   100%        8    #######


Dungeon Overview and Level Annotations

Branches:
Dungeon (15/15)            Temple (1/1) D:4            Lair (0/6) D:9
    Orc (2/2) D:9             Elf (0/3) Orc:2        Vaults (0/5) D:14
 Depths (0/5) D:15        Gauntlet (visited)

Altars:
Ashenzari
Dithmenos
Elyvilon
Fedhas
Gozag
Kikubaaqudgha
Makhleb
Okawaru
Qazlal
Ru
Trog
Uskayaw
Xom
Zin
The Shining One
Beogh

Shops:
D:8 *   D:15 [   Orc:2 [


Innate Abilities, Weirdness & Mutations

You are small and have problems with some larger weapons.
You are carnivorous and can eat meat at any time.
You tend to lose your temper in combat.


Message History

The hellwing completely misses you.
The hellwing hits you but does no damage.
The orc warrior hits you but does no damage.
The orc knight hits you but does no damage.
The orc warrior hits you with a +0 scimitar.
The orc warrior hits you with a cursed -3 halberd!!
The hellwing hits you!
The hellwing hits you but does no damage.
The orc sorcerer hits you but does no damage.
The orc knight hits you with a +2 dire flail!
The orc warrior hits you with a +0 war axe.
The orc warrior hits you with a +0 scimitar!
* * * LOW HITPOINT WARNING * * *
The orc warrior hits you with a cursed -3 halberd!
* * * LOW HITPOINT WARNING * * *
The hellwing hits you but does no damage. x2
The orc sorcerer hits you but does no damage.
The orc knight hits you but does no damage.
The orc warrior hits you with a +0 war axe!!
You die...

###.......... $. ###
#............ ... ##.##
....#.##.#.. .... ...#
#........#. <#..###..##
#....##...# .....#....
#.......... .......).#
##..#....... ......oo4##
#....)).....
.....oo@))####.#..))....
......oo....#...........
#.......................
#....................##.
.........#..............
.................#......
.................##.....
.......................<
.....#...............


You could see an orc knight, a hellwing, an orc sorcerer, 3 orc warriors and an
orc.

Vanquished Creatures
  A minotaur (Gauntlet)
  Harold (D:10)
  8 vault guards
  Fannar (D:11)
  4 hydras
  2 catoblepae
  5 centaur warriors
  4 two-headed ogres
  8 death yaks
  A tengu warrior (D:15)
  Sonja (D:13)
  The ghost of dziebel133 the Cleaver, a novice MiFi of Ru (D:11)
  4 skeletal warriors
  3 unseen horrors
  A flayed ghost (D:15)
  An orc knight (Orc:1)
  A necromancer (D:15)
  Pikel (D:5)
  A shadow dragon zombie (D:15)
  A deep elf mage (D:14)
  A frost giant zombie (D:15)
  11 ugly things
  3 cyclopes
  3 manticores
  3 centaur zombies
  A torpor snail (Gauntlet)
  An apocalypse crab (Gauntlet)
  A kobold demonologist (D:11)
  A gargoyle (D:12)
  A yaktaur (D:14)
  A rime drake (shapeshifter) (D:14)
  A harpy zombie (D:14)
  A guardian mummy (D:14)
  A tengu conjurer (D:14)
  4 trolls
  A hornet (D:15)
  2 hippogriffs
  2 ettin zombies (D:15)
  Eustachio (D:5)
  A shadow (D:12)
  3 wyverns
  2 basilisks
  8 yaks
  3 hungry ghosts
  3 vampire mosquitoes
  An acid dragon (D:15)
  2 soldier ants
  A water moccasin (D:8)
  15 orc warriors
  3 hornet zombies
  2 sky beasts
  An eye of draining (D:13)
  3 ice beasts
  A phantom (D:6)
  12 ogres
  5 centaurs
  10 bullfrogs
  4 scorpions
  5 wights
  An electric eel (D:11)
  6 howler monkeys
  5 crimson imps
  3 hounds
  2 quasits
  6 jellies
  A bullfrog skeleton (D:9)
  9 centaur skeletons
  2 bullfrog zombies
  14 orc priests
  5 iguanas
  24 orc wizards
  12 worker ants
  2 hound skeletons
  A howler monkey skeleton (D:9)
  3 gnolls (D:4)
  5 adders
  3 shadow imps
  2 oozes
  2 adder skeletons
  4 worms
  A dart slug (D:2)
  3 leopard geckos
  86 orcs
  9 giant cockroaches
  5 hobgoblins
  5 jackals
  A quokka (D:3)
  3 ball pythons (D:1)
  8 bats
  6 frilled lizards
  4 goblins
  A jackal skeleton (D:4)
  7 kobolds
  7 rats
  5 withered plants (D:15)
438 creatures vanquished.

Vanquished Creatures (others)
  Menkaure (D:5)
  An orc warrior (D:12)
  An electric eel (D:12)
  4 orcs
  3 fungi (Gauntlet)
  11 plants (Gauntlet)
21 creatures vanquished.

Grand Total: 459 creatures vanquished

Notes
Turn   | Place    | Note
-------+----------+-------------------------------------------
     0 | D:1      | Masnef the Kobold Fighter began the quest for the Orb.
     0 | D:1      | Reached XP level 1. HP: 14/14 MP: 1/1
    10 | D:1      | Noticed a minotaur skeleton
    20 | D:1      | Noticed a minotaur skeleton
   504 | D:1      | Reached XP level 2. HP: 19/19 MP: 2/2
  1211 | D:2      | Reached XP level 3. HP: 17/23 MP: 3/3
  1444 | D:2      | Found a blossoming altar of Fedhas.
  1548 | D:2      | Reached XP level 4. HP: 18/28 MP: 4/4
  2807 | D:3      | Found a bloodstained altar of Trog.
  2829 | D:3      | Reached XP level 5. HP: 32/32 MP: 5/5
  2915 | D:4      | Found a staircase to the Ecumenical Temple.
  2920 | Temple   | Entered the Ecumenical Temple
  2945 | Temple   | Became a worshipper of Warmaster Okawaru
  3130 | D:4      | Reached skill level 5 in Maces & Flails
  3145 | D:4      | Reached XP level 6. HP: 25/37 MP: 6/6
  3353 | D:4      | Got a crude war axe
  3354 | D:4      | Identified the +6 war axe "Weriz" {venom, rF+ rC+ Dex+4
                  | SInv} (You found it on level 4 of the Dungeon)
  3358 | D:4      | Noticed a hungry ghost
  3369 | D:4      | Killed a hungry ghost
  3369 | D:4      | Reached * piety under Okawaru
  3369 | D:4      | Reached skill level 1 in Dodging
  3440 | D:4      | Reached XP level 7. HP: 33/42 MP: 7/7
  3753 | D:4      | Reached skill level 1 in Axes
  3950 | D:5      | Entered Level 5 of the Dungeon
  4038 | D:5      | Noticed Eustachio
  4056 | D:5      | Killed Eustachio
  4056 | D:5      | Reached skill level 2 in Axes
  4068 | D:5      | Noticed Pikel
  4088 | D:5      | Killed Pikel
  4088 | D:5      | Reached ** piety under Okawaru
  4088 | D:5      | Reached *** piety under Okawaru
  4088 | D:5      | Reached skill level 3 in Axes
  4088 | D:5      | Reached XP level 8. HP: 20/48 MP: 3/8
  4090 | D:5      | Noticed Menkaure
  4097 | D:5      | Killed Menkaure
  4273 | D:5      | Noticed an unseen horror
  4288 | D:5      | Killed an unseen horror
  4288 | D:5      | Reached **** piety under Okawaru
  4288 | D:5      | Reached skill level 4 in Axes
  4288 | D:5      | Reached XP level 9. HP: 41/53 MP: 6/9
  4428 | D:5      | Reached skill level 5 in Fighting
  4428 | D:5      | Reached skill level 5 in Axes
  4870 | D:6      | Reached ***** piety under Okawaru
  5036 | D:6      | Found a glowing silver altar of Zin.
  5057 | D:6      | Reached skill level 6 in Axes
  5150 | D:6      | Reached XP level 10. HP: 59/59 MP: 10/10
  5362 | D:7      | Reached skill level 5 in Shields
  5456 | D:7      | Found a hide-covered altar of Uskayaw.
  5616 | D:7      | Found a glowing golden altar of the Shining One.
  5968 | D:7      | Reached skill level 7 in Axes
  6093 | D:8      | Noticed a two-headed ogre
  6104 | D:8      | Killed a two-headed ogre
  6104 | D:8      | Reached skill level 5 in Armour
  6104 | D:8      | Reached skill level 5 in Dodging
  6581 | D:8      | Received a gift from Okawaru
  6598 | D:8      | Found Cialeadgh's Assorted Antiques.
  6604 | D:8      | Bought a scroll labeled XOHEESM ORONUD for 28 gold pieces
  6844 | D:8      | Reached skill level 8 in Axes
  7129 | D:9      | Noticed a two-headed ogre
  7139 | D:9      | Killed a two-headed ogre
  7139 | D:9      | Reached XP level 11. HP: 38/66 MP: 5/11
  7413 | D:9      | Noticed a death yak
  7413 | D:9      | Noticed a death yak
  7433 | D:9      | Killed a death yak
  7433 | D:9      | Reached skill level 1 in Invocations
  7433 | D:9      | Reached skill level 1 in Evocations
  7439 | D:9      | Noticed a death yak
  7443 | D:9      | Noticed a death yak
  7449 | D:9      | Killed a death yak
  7449 | D:9      | Reached ****** piety under Okawaru
  7449 | D:9      | Received a gift from Okawaru
  7451 | D:9      | Noticed a death yak
  7465 | D:9      | Killed a death yak
  7465 | D:9      | Reached skill level 9 in Axes
  7738 | D:9      | Found a staircase to the Orcish Mines.
  7884 | D:9      | Found a roughly hewn altar of Beogh.
  8131 | D:9      | Found a bloodstained altar of Trog.
  8152 | D:9      | Found a staircase to the Lair.
  8279 | D:9      | Found a white marble altar of Elyvilon.
  8337 | D:9      | Killed a death yak
  8620 | D:9      | Killed a death yak
  8646 | D:9      | Found a sacrificial altar of Ru.
  8800 | D:9      | Found a staircase to the Lair.
  8871 | D:9      | Found a white marble altar of Elyvilon.
  8945 | D:9      | Found a bloodstained altar of Trog.
  8965 | D:9      | Found a staircase to the Orcish Mines.
  8969 | D:9      | Found a roughly hewn altar of Beogh.
  9041 | D:9      | Found a sacrificial altar of Ru.
  9284 | D:10     | Entered Level 10 of the Dungeon
  9294 | D:10     | Noticed Harold
  9306 | D:10     | Killed Harold
  9306 | D:10     | Reached XP level 12. HP: 47/73 MP: 9/14
  9672 | D:10     | Found an opulent altar of Gozag.
  9995 | D:10     | Got an ancient trident
 10282 | D:11     | Found a gate leading to a gauntlet.
 10289 | Gauntlet | Entered a Gauntlet
 10289 | Gauntlet | Found a transporter.
 10289 | Gauntlet | Noticed a ghost crab
 10292 | Gauntlet | Found a transporter.
 10305 | Gauntlet | Found a transporter.
 10309 | Gauntlet | Found a transporter.
 10323 | Gauntlet | Found a transporter.
 10336 | Gauntlet | Noticed an unseen horror
 10339 | Gauntlet | Found a transporter.
 10343 | Gauntlet | Found a transporter.
 10344 | Gauntlet | Noticed a shock serpent
 10344 | Gauntlet | a floating eye changed into a shock serpent
 10345 | Gauntlet | a shock serpent changed into a merfolk
 10363 | Gauntlet | Noticed a deep troll
 10363 | Gauntlet | a floating eye changed into a deep troll
 10365 | Gauntlet | an unseen horror changed into a hippogriff
 10368 | Gauntlet | a deep troll changed into a faun
 10371 | Gauntlet | Noticed a death yak
 10371 | Gauntlet | Noticed a death yak
 10374 | Gauntlet | Noticed a death yak
 10375 | Gauntlet | Found a transporter.
 10402 | Gauntlet | Found a transporter.
 10405 | Gauntlet | Found a transporter.
 10406 | Gauntlet | Found a transporter.
 10414 | Gauntlet | Found a transporter.
 10465 | Gauntlet | Noticed a glowing orange brain
 10465 | Gauntlet | a glowing orange brain changed into a manticore
 10471 | Gauntlet | Noticed a two-headed ogre
 10471 | Gauntlet | a manticore changed into a two-headed ogre
 10475 | Gauntlet | a two-headed ogre changed into a lindwurm
 10624 | Gauntlet | Killed a death yak
 10624 | Gauntlet | Received a gift from Okawaru
 10636 | Gauntlet | Killed a death yak
 10636 | Gauntlet | Reached skill level 10 in Axes
 10638 | Gauntlet | Killed a death yak
 10779 | Gauntlet | Noticed a minotaur
 10797 | Gauntlet | Killed a minotaur
 10806 | Gauntlet | Identified the Disquisition on Igneous Good Luck
 10808 | Gauntlet | Got a pair of smoking gloves
 10973 | D:11     | Noticed a two-headed ogre
 10979 | D:11     | Noticed a soul eater
 10987 | D:11     | Killed a two-headed ogre
 11008 | D:11     | Identified the +2 pair of gloves of Pantheism {rPois rCorr
                  | Int-5 Slay+3} (You found it in a Gauntlet)
 11022 | D:11     | Found a runed translucent gate.
 11022 | D:11     | Found a runed translucent gate.
 11022 | D:11     | Found a runed translucent gate.
 11023 | D:11     | Noticed dziebel133's ghost (novice MiFi)
 11099 | D:11     | Noticed a skeletal warrior
 11100 | D:11     | Noticed a skeletal warrior
 11116 | D:11     | Received a gift from Okawaru
 11148 | D:11     | Noticed a skeletal warrior
 11166 | D:10     | Killed a skeletal warrior
 11315 | D:10     | Killed a skeletal warrior
 11315 | D:10     | Reached XP level 13. HP: 77/79 MP: 14/16
 11419 | D:11     | Noticed Fannar
 11431 | D:11     | Killed Fannar
 11493 | D:11     | Got a jewelled scale mail
 11504 | D:11     | Identified the cursed +1 scale mail of the Twelve Hells
                  | {-Cast rN+++ MP+9 Str-3} (You found it on level 11 of the
                  | Dungeon)
 11785 | D:11     | Killed dziebel133's ghost
 11785 | D:11     | Reached skill level 5 in Evocations
 12013 | D:12     | Identified a scroll of acquirement
 12622 | D:12     | Reached skill level 11 in Axes
 12712 | D:12     | Got a steaming scale mail
 12723 | D:12     | Identified the +0 scale mail of Shadows and Fog {*Contam
                  | rElec SInv Stlth+} (You found it on level 12 of the
                  | Dungeon)
 12774 | D:12     | Gained mutation: You tend to lose your temper in combat.
                  | [mutagenic glow]
 12776 | D:12     | Got a faintly humming plate armour
 12782 | D:12     | Identified the +5 plate armour "Trusted Companion" {rElec
                  | rC+ Slay-5 SInv} (You found it on level 12 of the Dungeon)
 12802 | D:12     | Got a creamy pearl robe
 12808 | D:12     | Identified the cursed +0 robe of the Blue Skies {-Cast
                  | Str+9 Dex+3} (You found it on level 12 of the Dungeon)
 12912 | D:13     | Noticed a six-headed hydra
 12925 | D:13     | Killed a six-headed hydra
 12944 | D:13     | Noticed a catoblepas
 12956 | D:13     | Killed a catoblepas
 13114 | D:13     | Reached skill level 5 in Invocations
 13212 | D:13     | Noticed Sonja
 13231 | D:13     | Killed Sonja
 13320 | D:13     | Noticed a centaur warrior
 13330 | D:13     | Killed a centaur warrior
 13669 | D:14     | Noticed a vault guard
 13669 | D:14     | Noticed a vault guard
 13669 | D:14     | Noticed a vault guard
 13677 | D:14     | Noticed a vault guard
 13678 | D:14     | Noticed a vault guard
 13680 | D:14     | Noticed a vault guard
 13682 | D:14     | Noticed a vault guard
 13697 | D:13     | Killed a vault guard
 13854 | D:14     | Noticed a vault guard
 13872 | D:13     | Killed a vault guard
 14116 | D:14     | Noticed a centaur warrior
 14127 | D:14     | Killed a centaur warrior
 14162 | D:14     | Killed a vault guard
 14162 | D:14     | Received a gift from Okawaru
 14171 | D:14     | Killed a vault guard
 14353 | D:14     | Noticed a catoblepas
 14399 | D:14     | Killed a vault guard
 14426 | D:14     | Reached XP level 14. HP: 54/86 MP: 14/18
 14688 | D:14     | Found a gate to the Vaults.
 14832 | D:14     | Received a gift from Okawaru
 15283 | D:14     | Reached skill level 12 in Axes
 15629 | D:15     | Entered Level 15 of the Dungeon
 16156 | D:15     | Found a staircase to the Depths.
 16262 | D:15     | Received a gift from Okawaru
 16440 | D:15     | Found the ring of the Mage {Wiz MR++ Int+3}
 16577 | D:15     | Reached skill level 10 in Fighting
 16841 | D:15     | Found Essat's Antique Armour Boutique.
 17026 | D:15     | Reached XP level 15. HP: 80/92 MP: 17/20
 17436 | Orc:1    | Entered Level 1 of the Orcish Mines
 17821 | Orc:2    | Entered Level 2 of the Orcish Mines
 17821 | Orc:2    | Found Lompuc's Armour Shoppe.
 17821 | Orc:2    | Found a staircase to the Elven Halls.
 17961 | Orc:2    | Paralysed by an orc sorcerer for 7 turns
 17965 | Orc:2    | Annihilated by an orc warrior

Levels and vault maps discovered:
D:1:      shiori_arrival_whats_in_store_for_you, layout_basic,
          hangedman_abyss_or_decor_lesser_grid
D:2:      layout_loops_ring, fedhas_altar_2, minmay_circle_x
D:3:      layout_loops_ring, trog_hazing_becter
D:4:      layout_rooms, minmay_temple_entry_overgrown, first_ration,
          corner_web_ring, minmay_fractal_squares_diagonal_5
D:5:      layout_basic, uniq_menkaure, uniq_eustachio, uniq_pikel
D:6:      layout_rooms, zin_treasury
D:7:      layout_basic, tso_metal_star, eat_drink_and_be_merry_uskayaw,
          hex_intersection, grunt_ogre_cave
D:8:      minmay_goldmine, layout_cave_pools, serial_shops, shop,
          dk_noncrumbling_2
D:9:      layout_basic, kennysheep_mini_moat, elyvilon_altar_3,
          dpeg_lair_monsters, minmay_orc_entry_temple_small,
          nicolae_ru_path_of_blood
D:10:     layout_loops_cross, grunt_gozag_breadcrumbs, uniq_harold
D:11:     layout_cave_pools, gauntlet_entry_generic, ebering_ghost_rock_garden,
          serial_bayou_lagoon_a, uniq_fannar
D:12:     layout_loops_ring, lemuel_freeze_loot_1
D:13:     layout_basic, uniq_sonja
D:14:     minmay_bloctagon, layout_long_grid, erik_vaults_2
D:15:     gammafunk_depths_entry_grave, layout_cave_pools, serial_shops, shop,
          hangedman_decor_cross_pass, minivault_12
Temple:   nicolae_temple_elliptical
Orc:1:    layout_diamond_mine
Orc:2:    st_orc_elflike, layout_caves, serial_shops, shop, elves_outpost_lemuel

Skill      XL: |  1  2  3  4  5  6  7  8  9 10 11 12 13 14 |
---------------+-------------------------------------------+-----
Maces & Flails | 2 3 4 5 |  5.4
Dodging        | 1 2 3 4 5 6 7 8 9 |  9.5
Shields        | 3 4 5 6 7 8 9 |  9.2
Axes           | 3 4 6 8 9 10 11 12 | 12.6
Armour         | 3 4 5 6 7 |  7.6
Fighting       | 4 5 6 7 8 9 10 | 10.3
Invocations    | 2 4 5 6 |  6.7
Evocations     | 3 4 6 7 |  7.5

Action                   |  1- 3 |  4- 6 |  7- 9 | 10-12 | 13-15 || total
-------------------------+-------+-------+-------+-------+-------++-------
Melee: Flail             |   128 |   144 |       |       |       ||   272
       War axe           |       |    11 |   135 |   522 |   764 ||  1432
       Whip              |       |       |       |       |    25 ||    25
       Demon whip        |       |       |       |       |     6 ||     6
Invok: Heroism           |       |       |       |    12 |    10 ||    22
       Finesse           |       |       |       |     3 |     1 ||     4
Evoke: Wand              |       |       |       |     4 |     2 ||     6
  Use: Scroll            |     4 |     7 |     1 |    13 |     7 ||    32
       Potion            |       |     1 |       |     3 |       ||     4
 Stab: Held in net/web   |       |       |       |     1 |       ||     1
  Eat: Chunk             |     6 |     9 |    15 |    16 |    29 ||    75
Armor: Scale mail        |    72 |    67 |    53 |    65 |       ||   257
       Swamp dragon scal |       |       |       |    38 |   153 ||   191
       Plate armour      |       |       |       |       |     1 ||     1
Dodge: Dodged            |    52 |    57 |    58 |   189 |   336 ||   692
Block: Shield            |    72 |    72 |    76 |   334 |   555 ||  1109
       Reflection        |       |       |       |    10 |    41 ||    51

Table legend:
 A = Non-vault XP
 B = Vault XP
 C = Vault XP percentage of total XP
 D = Non-vault monster count
 E = Vault monster count
 F = Vault count percentage of total count
                 A         B        C        D         E       F
            +---------+---------+-------+---------+---------+-------
      Total |   45038 |   33738 |  42.8 |     349 |      85 |  19.6
            +---------+---------+-------+---------+---------+-------
        D:1 |      16 |       0 |   0.0 |      13 |       0 |   0.0
        D:2 |      60 |       9 |  13.0 |      10 |       6 |  37.5
        D:3 |      50 |      12 |  19.4 |      17 |       6 |  26.1
        D:4 |     415 |      36 |   8.0 |      15 |       2 |  11.8
        D:5 |    1352 |     846 |  38.5 |      11 |       2 |  15.4
        D:6 |    1354 |       0 |   0.0 |      22 |       0 |   0.0
        D:7 |     985 |     113 |  10.3 |      26 |       1 |   3.7
        D:8 |    2138 |     307 |  12.6 |      26 |      11 |  29.7
        D:9 |    2287 |    4953 |  68.4 |      12 |      15 |  55.6
       D:10 |    3711 |    1034 |  21.8 |      23 |       1 |   4.2
       D:11 |    3602 |    1790 |  33.2 |      26 |       2 |   7.1
       D:12 |    3105 |       0 |   0.0 |      30 |       0 |   0.0
       D:13 |    5574 |    2068 |  27.1 |      15 |       3 |  16.7
       D:14 |    6365 |   13962 |  68.7 |      17 |      23 |  57.5
       D:15 |   10440 |    3863 |  27.0 |      22 |       7 |  24.1
      Orc:1 |    3244 |       0 |   0.0 |      52 |       0 |   0.0
      Orc:2 |     340 |       0 |   0.0 |      12 |       0 |   0.0
   Gauntlet |       0 |    4745 | 100.0 |       0 |       6 | 100.0
            +---------+---------+-------+---------+---------+-------
